 Dungeon Crawl Stone Soup version 0.15.2 (webtiles) character file.

96 Nyarlathotep the Magician (level 4, 0/24 HPs)
             Began as a Deep Elf Wizard on Feb 19, 2015.
             Was an Initiate of Sif Muna.
             Succumbed to a giant mite's poison
             ... on Level 3 of the Dungeon.
             The game lasted 00:10:19 (3038 turns).

Nyarlathotep the Magician (Deep Elf Wizard)         Turns: 3038, Time: 00:10:19

HP   0/24        AC  5     Str  4      XL: 4   Next: 41%
MP   0/18        EV 13     Int 24      God: Sif Muna [......]
Gold 113         SH  0     Dex 13      Spells:  7 memorised,  0 levels left

rFire  . . .     SeeInvis .     f - -2 hunting sling (curse)
rCold  . . .     Clarity  .     q - +0 robe {rN+}
rNeg   + . .     rCorr    .     (no shield)
rPois  .         rRot     .     i - +0 helmet
rElec  .         Spirit   .     (no cloak)
SustAb .         Warding  .     (no gloves)
rMut   .         Stasis   .     e - +1 pair of boots
Gourm  .                        (no amulet)
MR     .....                    (no ring)
                                (no ring)

@: lethally poisoned, not resistant to hostile enchantments, unstealthy
A: no striking features
a: Renounce Religion


You were on level 3 of the Dungeon.
You worshipped Sif Muna.
Sif Muna was noncommittal.
You were very hungry.

You visited 1 branch of the dungeon, and saw 3 of its levels.

You collected 113 gold pieces.

Inventory:

Hand weapons
 f - a cursed -2 hunting sling (weapon)
 j - a +0 hunting sling
Armour
 a - a +0 robe
 b - a +0 hat
 e - a +1 pair of boots (worn)
 i - a +0 helmet (worn)
 q - a +0 robe of positive energy (worn)
Comestibles
 d - 3 bread rations
 h - a royal jelly
 k - a meat ration
Scrolls
 g - 4 scrolls of recharging
 l - 3 scrolls of amnesia
 n - 2 scrolls of noise
 p - a scroll of identify
 s - a scroll of immolation {unknown}
 u - a scroll of remove curse
 v - a scroll of enchant weapon {unknown}
Potions
 m - 2 potions of heal wounds {unknown}
 o - a potion of might {unknown}
 r - a potion of curing {unknown}
 t - a potion of brilliance
Books
 c - a book of Minor Magic

   Spells                             Type                      Level
   *Magic Dart                        Conjuration                  1
   *Blink                             Translocation                2
   *Call Imp                          Summoning                    2
   *Repel Missiles                    Charms/Air                   2
   *Slow                              Hexes                        2
   *Conjure Flame                     Conjuration/Fire             3
   *Mephitic Cloud                    Conjuration/Poison/Air       3


   Skills:
 + Level 2.8 Dodging
 + Level 2.8 Stealth
 + Level 0.1 Unarmed Combat
 + Level 6.4 Spellcasting
 + Level 2.0 Conjurations
 + Level 1.1 Summonings
 + Level 1.1 Translocations


You couldn't memorise any spells.
You knew the following spells:

 Your Spells              Type           Power        Failure   Level  Hunger
a - Magic Dart            Conj           ###.         3%          1    None
b - Blink                 Tloc           N/A          10%         2    None
c - Call Imp              Summ           ##......     10%         2    None
d - Repel Missiles        Chrm/Air       #.....       12%         2    None
e - Slow                  Hex            #.......     12%         2    None
f - Conjure Flame         Conj/Fire      ##......     17%         3    #......
g - Mephitic Cloud        Conj/Pois/Air  ##......     21%         3    #......


Dungeon Overview and Level Annotations

Branches:
Dungeon (3/15)

Altars:
Dithmenos
Kikubaaqudgha
Okawaru
Sif Muna
Xom

Annotations:
D:3 SecretMage's ghost, average DsGl; Terence


Message History

You clumsily bash the bat but do no damage.
The bat barely misses you. x2
The giant mite bites you but does no damage.
The bat hits you but does no damage. The giant mite bites you.
* * * LOW HITPOINT WARNING * * *
You are lethally poisoned!
The giant mite poisons you!
You miss the bat.
* * * LOW HITPOINT WARNING * * *
You feel sick. The bat barely misses you. The bat closely misses you.
The giant mite barely misses you.
You clumsily bash the bat but do no damage.
* * * LOW HITPOINT WARNING * * *
You feel sick. The bat closely misses you. The giant mite closely misses you.
The giant mite misses you. The bat barely misses you.
The bat hits you but does no damage.
Casting: Magic Dart
Confirm with . or Enter, or press ? or * to list all spells.
You blink.
You die...

# ############################.#
>...............@..b§s.......#
.......#######.#.#########..##
........###....#.. #..##
.............. $... .....
..........#.# ####.# #...##
.%..........# #.. .# #.#.#
............###.####### #.#.####
.............##.#.....####<......
..............#....##...#..#..###


You could see a giant mite and a bat.

Vanquished Creatures
  Jessica (D:2)
  A giant mite (D:2)
  3 adders
  A worm (D:2)
  3 giant geckos
  An ooze (D:3)
  An orc (D:3)
  5 bats
  2 giant cockroaches (D:1)
  A hobgoblin (D:1)
  3 ball pythons
  8 giant newts
  2 goblins (D:1)
  4 kobolds
  9 rats
45 creatures vanquished.

Notes
Turn   | Place    | Note
--------------------------------------------------------------
     0 | D:1      | Nyarlathotep, the Deep Elf Wizard, began the quest for the Orb.
     0 | D:1      | Reached XP level 1. HP: 10/10 MP: 6/6
   535 | D:1      | Reached XP level 2. HP: 15/15 MP: 5/10
   583 | D:1      | Reached skill level 5 in Spellcasting
   603 | D:1      | Learned a level 2 spell: Blink
   606 | D:1      | Learned a level 2 spell: Call Imp
   609 | D:1      | Learned a level 2 spell: Repel Missiles
   612 | D:1      | Learned a level 2 spell: Slow
  1360 | D:2      | Reached XP level 3. HP: 19/19 MP: 11/14
  1426 | D:2      | Found an ancient bone altar of Kikubaaqudgha.
  1767 | D:2      | Found a deep blue altar of Sif Muna.
  1770 | D:2      | Found a shimmering altar of Xom.
  1774 | D:2      | Became a worshipper of Sif Muna the Loreminder
  1780 | D:2      | Found a shadowy altar of Dithmenos.
  1867 | D:2      | Noticed Jessica
  1875 | D:2      | Killed Jessica
  1875 | D:2      | Reached skill level 6 in Spellcasting
  1882 | D:2      | Learned a level 3 spell: Conjure Flame
  1931 | D:2      | Found an iron altar of Okawaru.
  2083 | D:2      | Reached XP level 4. HP: 24/24 MP: 13/18
  2414 | D:3      | Learned a level 3 spell: Mephitic Cloud
  2433 | D:3      | Noticed SecretMage's ghost (average DsGl)
  2975 | D:3      | Noticed Terence
  3036 | D:3      | HP: 1/24 [poisoned by a giant mite]
  3038 | D:3      | Succumbed to a giant mite's poison

Action                   |  1- 3 |  4- 6 || total
-------------------------+-------+-------++-------
Melee: Unarmed           |     7 |       ||     7
       Hunting sling     |       |     6 ||     6
 Cast: Magic Dart        |    86 |    49 ||   135
       Blink             |     2 |     9 ||    11
       Conjure Flame     |       |     3 ||     3
       Mephitic Cloud    |       |     2 ||     2
  Use: Scroll            |     5 |       ||     5
       Potion            |     2 |       ||     2
  Eat: Meat ration       |     1 |       ||     1
